 Dungeon Sprint DCSS version 0.30-a0-358-g0d69a1922f (webtiles) character file.

Game seed: 10719759938145019130

1097 rocky1 the Impaler (level 8, -4/68 HPs)
             Began as a Merfolk Gladiator on Nov 9, 2022.
             Was an Initiate of Gozag.
             Killed from afar by an acid dragon (23 damage)
             ... with a splash of acid
             ... in the Dungeon (Sprint V: "Ziggurat Sprint").
             The game lasted 00:06:12 (539 turns).

rocky1 the Impaler (Merfolk Gladiator)               Turns: 539, Time: 00:06:12

Health: -4/68      AC: 20    Str: 29    XL:     8   Next: 31%
Magic:  8/8        EV:  9    Int:  7    God:    Gozag
Gold:   1116       SH:  0    Dex: 15    Spells: 7/7 levels left

rFire   + . .      SeeInvis .    l - +5 bardiche
rCold   + . .      Faith    .    (shield currently unavailable)
rNeg    . . .      Spirit   .    I - +5 gold dragon scales
rPois   +          Reflect  .    c - +0 helmet
rElec   .          Harm     .    (no cloak)
rCorr   .          Rampage  .    (no gloves)
Will    .....      NoTele   +    (no boots)
Stlth   ..........               (no amulet)
HPRegen 0.31/turn                C - +6 ring of strength
MPRegen 0.11/turn                D - +6 ring of strength

@: gold aura
A: (nimble swimmer 2), mertail
a: Renounce Religion, Potion Petition, Call Merchant, Bribe Branch


You were in the Dungeon.
You worshipped Gozag.
Gozag was most pleased with you.
You visited 1 branch You collected 1116 gold pieces.

Inventory:

Hand Weapons
 a - a +0 trident
 l - a +5 bardiche (weapon)
 t - a +1 trident of freezing
 E - the +8 lance "Wyrmbane" {slay drac, rPois rF+ rC+ AC+3}
   (You found it in the Dungeon)

   It inflicts extra damage against dragons and draconians.
   AC:        It affects your AC (+3).
   rF:        It protects you from fire.
   rC:        It protects you from cold.
   rPois:     It protects you from poison.
 F - the +10 dark maul {vorpal}
   (You found it in the Dungeon)

   It inflicts extra damage upon your enemies.
 K - a +5 arbalest
 L - the +8 storm bow {elec, penet}
   (You found it in the Dungeon)

   Any ammunition fired from it occasionally discharges a powerful burst of
   electricity upon striking a foe.
   Any ammunition fired by it passes through the targets it hits, potentially
   hitting all targets in its path until it reaches maximum range.
 M - the +13 scythe of Curses {drain, Drain}
   (You found it in the Dungeon)

   A truly terrible weapon, it drains the life of any living foe it strikes.
   It inflicts powerful necromantic curses on any living foe it strikes.
   Drain:     It drains your maximum health when unequipped.
 N - a +3 shortbow of electrocution
Missiles
 d - 3 throwing nets
 e - a javelin (quivered)
Armour
 b - a +0 leather armour
 c - a +0 helmet (worn)
 H - a +5 crystal plate armour
 I - +5 gold dragon scales (worn)
 J - a +5 plate armour
Jewellery
 x - a ring of flight
 y - a +6 ring of dexterity
 z - a +6 ring of dexterity
 A - a +6 ring of intelligence
 B - a +6 ring of intelligence
 C - a +6 ring of strength (left hand)
 D - a +6 ring of strength (right hand)
Wands
 v - a wand of mindburst (7)
 w - a wand of quicksilver (7)
Scrolls
 k - 4 scrolls of blinking
 m - 4 scrolls of amnesia
 n - 7 scrolls of butterflies
 o - 5 scrolls of identify
 p - 2 scrolls of fear
Potions
 f - 10 potions of curing
 g - 9 potions of heal wounds
 h - 6 potions of haste
 i - 7 potions of magic
 j - 2 potions of berserk rage
 q - 2 potions of brilliance
 r - 2 potions of invisibility
 s - 4 potions of resistance
 u - 5 potions of might
Miscellaneous
 G - a lightning rod (4/4)
 O - a phantom mirror


   Skills:
 + Level 7.7 Fighting
 + Level 15.5 Polearms
 * Level 5.0 Ranged Weapons
 - Level 2.0 Throwing
 + Level 4.4 Armour
 + Level 10.7 Dodging
 + Level 2.9 Stealth


You had 7 spell levels left.
You didn't know any spells.
Your spell library contained the following spells:

 Spells                   Type           Power      Damage    Failure   Level
 Apportation              Tloc           0%         N/A       100%        1
 Necrotise                Necr           0%         1d4       100%        1
 Lesser Beckoning         Tloc           0%         N/A       100%        3
 Vhi's Electric Charge    Tloc/Air       0%         N/A       100%        3
 Manifold Assault         Tloc           0%         N/A       100%        4
 Blade Hands              Tmut           0%         N/A       100%        5
 Dispersal                Tloc           0%         N/A       100%        6
 Borgnjor's Revivificati  Necr           0%         N/A       100%        8


Dungeon Overview and Level Annotations

Branches:
Dungeon (1/1)

Altars:
Ashenzari
Cheibriados
Dithmenos
Elyvilon
Fedhas
Gozag
Hepliaklqana
Kikubaaqudgha
Makhleb
Nemelex Xobeh
Okawaru
Qazlal
Ru
Sif Muna
Trog
Uskayaw
Vehumet
Wu Jian
Xom
Yredelemnul
Zin
The Shining One
Jiyva
Lugonu

Annotations:
D 1 transporter


Innate Abilities, Weirdness & Mutations

((You are very nimble when in or above water. (Stealth+, EV+, Speed+++)))
Your lower body shifts to a powerful aquatic tail in water.


Message History

The acid dragon claws you but does no damage.
The swamp drake bites you.
* * * LOW HITPOINT WARNING * * *
The acid dragon is distracted by your dazzling golden aura.
Your Polearms skill increases to level 15!
Your Ranged Weapons skill increases to level 5!
You feel much better. The acid dragon closely misses you.
The acid dragon claws you but does no damage.
The swamp drake bites you.
Unknown command.
You closely miss the acid dragon.
The acid dragon is no longer distracted by gold.
The ice encasing you melts away.
The acid dragon bites you but does no damage.
The acid dragon barely misses you. The swamp drake breathes poison at you.
The noxious blast engulfs you but does no damage.
You resist.
The acid dragon is distracted by your dazzling golden aura.
The acid dragon roars!
You slice the acid dragon!!
The acid dragon is severely wounded.
The acid dragon bites you.
The acid dragon claws you but does no damage.
The swamp drake bites you.
Unknown command.
You closely miss the acid dragon.
The acid dragon is severely wounded.
The acid dragon bites you!
* * * LOW HITPOINT WARNING * * *
The acid dragon claws you but does no damage.
The swamp drake barely misses you.
Unknown command.
You closely miss the acid dragon.
The acid dragon is severely wounded.
The acid dragon is no longer distracted by gold.
The acid dragon spits acid at you. The splash of acid hits you!!
You die...
Your body crumbles into a pile of gold.

▓▓▓▓▓▓▓▓▓▓▓▓▓▓▓▓▓▓▓
▓..8©8..▓ ▓..}))..▓
▓..)||..▓ ▓.......▓
▓.D.....▓ ▓.......▓
▓...DDk.▓ ▓...$@..▓
▓...©...▓ ▓▓▓▓▓▓▓▓▓


You could see a swamp drake, a steam dragon (confused) and 2 acid dragons.

Vanquished Creatures
  A rime drake (D)
  A wyvern (D)
  A yak (D)
  A hell hound (D)
  An ice beast (D)
  A wolf (D)
  A bullfrog (D)
  A wight (D)
  A crimson imp (D)
  A quasit (D)
  An iguana (D)
  2 iron imps (D)
  A white imp (D)
  A bat skeleton (D)
  A bat zombie (D)
  A ball python simulacrum (D)
  A ball python skeleton (D)
  A giant cockroach zombie (D)
  A quokka skeleton (D)
20 creatures vanquished.

Notes
Turn   | Place    | Note
-------+----------+-------------------------------------------
     0 | D        | rocky1 the Merfolk Gladiator began the quest for the Orb.
     0 | D        | Reached XP level 1. HP: 16/16 MP: 1/1
     0 | D        | Found a blossoming altar of Fedhas.
     0 | D        | Found the +6 Majin-Bo {vamp, MP+6 Int+6}
     0 | D        | Found the +9 heavy crossbow "Sniper" {vorpal, Acc+∞ SInv}
     0 | D        | Found the +10 dark maul {vorpal}
     0 | D        | Found the +15 Maxwell's patent armour {-Cast -Tele rElec
                  | Will+ rCorr}
     0 | D        | Found the +18 shield of the Gong {rElec rN+ Will+ EV-5}
     0 | D        | Found the +14 obsidian axe {vorpal, Mesm Drain Fly SInv}
     0 | D        | Found the +7 great mace "Firestarter" {inner flame, rF++}
     0 | D        | Found the +6 shillelagh "Devastator" {shatter}
     0 | D        | Found the +11 plutonium sword {Contam Stlth-}
     0 | D        | Found the +8 lance "Wyrmbane" {slay drac, rPois rF+ rC+
                  | AC+3}
     0 | D        | Found the +9 sword of Zonguldrok {reap}
     0 | D        | Found the +13 scythe of Curses {drain, Drain}
     0 | D        | Found the +5 sword of Power {vorpal}
     0 | D        | Found the +7 mace of Variability {chain chaos}
     0 | D        | Found the +7 Singing Sword {vorpal, sonic wave}
     0 | D        | Found the +8 storm bow {elec, penet}
     3 | D        | Found a viscous altar of Jiyva.
     3 | D        | Found a hazy altar of Hepliaklqana.
     3 | D        | Found a transporter.
     3 | D        | Found an opulent altar of Gozag.
     3 | D        | Found an ancient bone altar of Kikubaaqudgha.
     3 | D        | Found a corrupted altar of Lugonu.
     9 | D        | Found a burning altar of Makhleb.
    10 | D        | Found a stormy altar of Qazlal.
    10 | D        | Found a sacrificial altar of Ru.
    10 | D        | Found an iron altar of Okawaru.
    10 | D        | Found a shimmering blue altar of Sif Muna.
    10 | D        | Found a sparkling altar of Nemelex Xobeh.
    10 | D        | Found a bloodstained altar of Trog.
   108 | D        | Reached skill level 7 in Polearms
   108 | D        | Reached skill level 5 in Dodging
   108 | D        | Reached XP level 2. HP: 25/25 MP: 2/2
   180 | D        | Became a worshipper of Gozag Ym Sagoz the Greedy
   189 | D        | Entered arena 2.
   189 | D        | Found a transporter.
   205 | D        | Got Okiog's Incunable of Ghastly Forms
   211 | D        | Entered arena 3.
   211 | D        | Noticed an ice beast
   211 | D        | Found a transporter.
   215 | D        | Killed an ice beast
   216 | D        | Reached skill level 9 in Polearms
   216 | D        | Reached XP level 3. HP: 24/32 MP: 3/3
   216 | D        | Reached XP level 4. HP: 28/38 MP: 4/4
   219 | D        | Reached skill level 10 in Polearms
   228 | D        | Got Gaiddep's Spellbook of Displacement
   312 | D        | Entered arena 4.
   312 | D        | Found a transporter.
   321 | D        | Reached skill level 5 in Fighting
   321 | D        | Reached XP level 5. HP: 44/44 MP: 5/5
   352 | D        | Entered arena 5.
   352 | D        | Noticed a wolf
   352 | D        | Noticed a yak
   352 | D        | Found a transporter.
   357 | D        | Killed a yak
   358 | D        | Reached skill level 12 in Polearms
   358 | D        | Reached skill level 1 in Stealth
   358 | D        | Reached XP level 6. HP: 52/52 MP: 6/6
   361 | D        | Reached skill level 10 in Dodging
   364 | D        | Reached skill level 13 in Polearms
   366 | D        | Reached XP level 7. HP: 53/59 MP: 7/7
   448 | D        | Entered arena 6.
   448 | D        | Found a transporter.
   457 | D        | Reached skill level 14 in Polearms
   527 | D        | Entered arena 7.
   527 | D        | Noticed a steam dragon
   527 | D        | Noticed a rime drake
   527 | D        | Noticed a wyvern
   529 | D        | Found a transporter.
   531 | D        | Killed a wyvern
   532 | D        | Reached XP level 8. HP: 28/67 MP: 8/8
   534 | D        | Killed a rime drake
   535 | D        | Reached skill level 15 in Polearms
   535 | D        | Reached skill level 5 in Ranged Weapons
   539 | D        | Killed from afar by an acid dragon

Illustrated notes

Levels and vault maps discovered:
D:        sprint_v [room_start, room_1, room_2, room_3, room_4, room_5, room_6,
          room_7, room_8, room_9, room_10, room_11, room_12, room_13, room_14,
          room_15, room_16, room_17, room_18, room_19, room_20, room_21,
          room_22, room_23, room_24, room_25, room_26, room_27]

Skill      XL: |  1  2  3  4  5  6  7  8 |
---------------+-------------------------+-----
Fighting       | 4 5 6 7 |  7.7
Polearms       | 7 9 10 12 13 14 15 | 15.5
Armour         | 2 3 4 |  4.4
Dodging        | 5 8 9 10 | 10.7
Ranged Weapons | 2 3 4 5 |  5.0
Stealth        | 1 2 |  2.9
Throwing       | |  2.0

Action                   |  1- 3 |  4- 6 |  7- 9 || total
-------------------------+-------+-------+-------++-------
Melee: Bardiche          |     9 |    21 |    24 ||    54
Throw: Javelin           |     1 |       |       ||     1
  Use: Potion            |     1 |     1 |     1 ||     3
 Stab: Distracted        |       |     1 |     1 ||     2
       Confused          |       |       |     1 ||     1
Armor: Plate armour      |    15 |    16 |       ||    31
       Gold dragon scale |       |       |    34 ||    34
Dodge: Dodged            |    10 |    20 |    22 ||    52

Table legend: (Time is in decaauts)
 A = Elapsed time spent in this place.
 B = Non-inter-level travel time spent in this place.
 C = Inter-level travel time spent in this place.
 D = Time resting spent in this place.
 E = Time spent auto-exploring this place.
 F = Levels seen in this place.
 G = Mean time per level.
                   A        B        C        D        E       F      G
               +--------+--------+--------+--------+--------+-----+--------+
         Total |    562 |    562 |      0 |    171 |      0 |   1 |  562.0 |
       Dungeon |    562 |    562 |      0 |    171 |      0 |   1 |  562.0 |
               +--------+--------+--------+--------+--------+-----+--------+

Top non-repeatable levels by time:
       D: 562 daAuts
